 Dungeon Crawl Stone Soup version 0.24-a0-779-g36f0aeb843 (webtiles) character file.

Game seed: 12764246342020881890, levelgen mode: deterministic

3539 Arixos the Covert (level 9, -1/53 HPs)
             Began as a Vampire Enchanter on Oct 8, 2019.
             Was a Follower of Dithmenos.
             Slain by Gastronok (38 damage)
             ... on level 8 of the Dungeon.
             The game lasted 00:42:59 (8737 turns).

Arixos the Covert (Vampire Enchanter)               Turns: 8737, Time: 00:43:00

Health: -1/53      AC:  7    Str: 10    XL:     9   Next: 82%
Magic:  3/17       EV: 16    Int: 18    God:    Dithmenos [*.....]
Gold:   503        SH:  0    Dex: 17    Spells: 10/18 levels left

rFire    . . .     SeeInvis +   o - +3 dagger
rCold    + + .     Gourm    .   (no shield)
rNeg     + + +     Faith    .   b - +0 robe
rPois    ∞         Spirit   .   r - +0 helmet
rElec    .         Reflect  .   y - scarf {repulsion}
rCorr    .         Harm     .   v - +0 pair of gloves {Str+3}
MR       .....                  s - +2 pair of boots
Stlth    ++++++++..             (no amulet)
HPRegen  0.00/turn              n - ring of flight
MPRegen  0.15/turn              (no ring)

@: bloodless, regenerating quickly, wreathed by umbra, repel missiles
A: no food, fangs 3, see invisible, unbreathing
a: Bat Form, Revivify, Renounce Religion, Evoke Flight


You were on level 8 of the Dungeon.
You worshipped Dithmenos.
Dithmenos was aware of your devotion.
You were bloodless.

You visited 2 branches of the dungeon, and saw 9 of its levels.
You also visited: Sewer.

You collected 503 gold pieces.

Inventory:

Hand Weapons
 o - a +3 dagger (weapon)
 x - a +6 long sword of freezing
Armour
 b - a +0 robe (worn)
 r - a +0 helmet (worn)
 s - a +2 pair of boots (worn)
 v - a +0 pair of gloves of strength (worn)
 y - a scarf of repulsion (worn)
Jewellery
 n - a ring of flight (left hand)
Wands
 w - a wand of disintegration (17)
Scrolls
 a - a scroll of blinking
 c - 4 scrolls of magic mapping {unknown}
 e - 6 scrolls of remove curse
 i - 8 scrolls of identify
 j - 2 scrolls of fog
 l - 4 scrolls of teleportation
 t - a scroll of amnesia
 u - 2 scrolls of fear
Potions
 d - 2 potions of agility {unknown}
 f - 3 potions of brilliance {unknown}
 g - 4 potions of heal wounds {unknown}
 h - 2 potions of flight {unknown}
 k - 3 potions of might {unknown}
 m - a potion of degeneration {unknown}
 p - 2 potions of haste {unknown}
 q - 7 potions of curing {unknown}


   Skills:
 + Level 4.9 Fighting
 + Level 6.1 Short Blades
 + Level 6.4 Dodging
 + Level 9.7 Stealth
 + Level 5.4 Spellcasting
 + Level 9.1 Hexes
 - Level 2.0 Ice Magic
 + Level 2.0 Evocations


You had 10 spell levels left.
You knew the following spells:

 Your Spells              Type           Power        Failure   Level  Hunger
a - Ensorcelled Hibernat  Hex/Ice        ###...       1%          2    N/A
c - Confuse               Hex            #####...     1%          3    N/A
d - Tukima's Dance        Hex            #####...     1%          3    N/A

Your spell library contained the following spells:

 Spells                   Type           Power        Failure   Level  Hunger
 Corona                   Hex            #####..      1%          1    N/A
 Dazzling Spray           Conj/Hex       ###...       6%          3    N/A

Dungeon Overview and Level Annotations

Branches:
Dungeon (8/15)             Temple (1/1) D:5            Lair (0/6) D:8
  Sewer (visited)

Altars:
Ashenzari
Cheibriados
Dithmenos
Elyvilon
Fedhas
Gozag
Hepliaklqana
Kikubaaqudgha
Makhleb
Nemelex Xobeh
Okawaru
Qazlal
Ru
Sif Muna
Trog
Uskayaw
Vehumet
Wu Jian
Xom
Yredelemnul
Zin
The Shining One

Annotations:
D:8 Gastronok


Innate Abilities, Weirdness & Mutations

You do not eat.
You do not regenerate when monsters are visible.
You are frail without blood (-20% HP).
You are immune to poison.
You have razor-sharp teeth.
You have supernaturally acute eyesight. (SInv)
You can survive without breathing.


Message History

Aim: Gastronok, wearing a +2 hat (moderately wounded, covering ground quickly, chance to defeat MR: 16%) Gastronok resists with almost no effort.
Casting: Confuse (safe; 1% risk of failure)
Confirm with . or Enter, or press ? or * to list all spells.
Aiming: Confuse (safe; 1% risk of failure)
Press: ? - help, Shift-Dir - straight line, f/p - Gastronok
Aim: Gastronok, wearing a +2 hat (moderately wounded, covering ground quickly, chance to defeat MR: 16%) Gastronok appears confused.
You hit Gastronok.
Gastronok is moderately wounded.
Gastronok bites you!
You hit Gastronok but do no damage.
Gastronok is moderately wounded.
You hit Gastronok. You bite Gastronok.
Gastronok is moderately wounded.
You hit Gastronok.
Gastronok is heavily wounded.
Gastronok bites you!!!
Ouch! That really hurt!
You die...

####.#####.#
...........#
####.#####.# ####
#.# #.# .... #.#
#.# #..#
####.#####.##
#..#
............#
#..#
#####.......#
#w.#
#.##.##.####@.#
...##..).).....#
###.##..)......##
......##.######
##......[#
#########


You could see Gastronok (confused).

Vanquished Creatures
  Prince Ribbit (D:7)
  2 hungry ghosts
  3 wargs (D:8)
  2 orc warriors
  7 ogres
  2 phantoms
  A black bear (D:6)
  A centaur (D:7)
  A bullfrog (D:8)
  2 big kobolds (Sewer)
  2 scorpions
  5 killer bees (D:8)
  4 wights (D:8)
  A vampire bat (D:8)
  A jelly (D:6)
  4 crimson imps
  A howler monkey (D:7)
  A bullfrog zombie (D:5)
  2 hounds
  2 orc priests (D:8)
  2 bullfrog skeletons (D:5)
  Terence (D:3)
  3 worker ants
  3 orc wizards
  A worker ant zombie (D:8)
  7 gnolls
  A howler monkey skeleton (D:4)
  13 adders
  2 adder skeletons
  2 worms
  2 dart slugs
  8 leopard geckos
  12 orcs
  4 bat skeletons (D:8)
  3 bat zombies (D:8)
  7 giant cockroaches
  3 goblins
  7 hobgoblins
  4 jackals
  20 kobolds
  5 quokkas
  7 ball pythons
  8 bats
  2 frilled lizards (D:1)
  A leopard gecko skeleton (D:5)
  11 rats
184 creatures vanquished.

Vanquished Creatures (collateral kills)
  A killer bee (D:8)
  A wight (D:8)
2 creatures vanquished.

Grand Total: 186 creatures vanquished

Notes
Turn   | Place    | Note
-------+----------+-------------------------------------------
     0 | D:1      | Arixos the Vampire Enchanter began the quest for the Orb.
     0 | D:1      | Reached XP level 1. HP: 13/13 MP: 3/3
   224 | D:1      | Reached XP level 2. HP: 15/15 MP: 5/5
   228 | D:1      | Learned a level 2 spell: Ensorcelled Hibernation
   593 | D:1      | Reached XP level 3. HP: 20/20 MP: 1/6
   630 | D:1      | Learned a level 3 spell: Confuse
  1473 | D:2      | Reached skill level 1 in Fighting
  1473 | D:2      | Reached skill level 5 in Stealth
  1885 | D:3      | Reached skill level 5 in Hexes
  1885 | D:3      | Reached XP level 4. HP: 25/25 MP: 4/7
  2189 | D:3      | Noticed Terence
  2198 | D:3      | Killed Terence
  2464 | D:3      | Reached XP level 5. HP: 29/29 MP: 1/8
  2528 | D:3      | Learned a level 3 spell: Tukima's Dance
  2756 | D:4      | Found a hide-covered altar of Uskayaw.
  2757 | D:4      | Found a sacrificial altar of Ru.
  2757 | D:4      | Found a glowing golden altar of the Shining One.
  2759 | D:4      | Found a white marble altar of Elyvilon.
  2759 | D:4      | Found a stormy altar of Qazlal.
  2983 | D:4      | Noticed an ogre
  2997 | D:4      | Killed an ogre
  2997 | D:4      | Reached XP level 6. HP: 24/35 MP: 2/10
  4024 | D:5      | Entered Level 5 of the Dungeon
  4063 | D:5      | Found an ancient bone altar of Kikubaaqudgha.
  4079 | D:5      | Reached XP level 7. HP: 40/40 MP: 11/11
  4249 | D:5      | Found a glowing drain.
  4256 | Sewer    | Entered a sewer
  4879 | D:5      | Found a staircase to the Ecumenical Temple.
  4977 | Temple   | Entered the Ecumenical Temple
  5216 | D:5      | Identified the +6 chain mail of Light {Int+2 Dex+3}
  5552 | D:6      | Reached XP level 8. HP: 46/46 MP: 4/13
  6116 | D:6      | Reached skill level 5 in Dodging
  6809 | D:6      | Found a shadowy altar of Dithmenos.
  6821 | D:6      | Reached skill level 1 in Ice Magic
  6899 | D:6      | Became a worshipper of Dithmenos the Shadowed
  7008 | D:7      | Found an opulent altar of Gozag.
  7067 | D:7      | Reached skill level 5 in Short Blades
  7073 | D:7      | Found a radiant altar of Vehumet.
  7091 | D:7      | Found a shattered altar of Ashenzari.
  7136 | D:7      | Found a hide-covered altar of Uskayaw.
  7232 | D:7      | Noticed Prince Ribbit
  7248 | D:7      | Killed Prince Ribbit
  7248 | D:7      | Reached XP level 9. HP: 45/52 MP: 11/16
  7623 | D:8      | Found an ornate altar of the Wu Jian Council.
  7677 | D:8      | Found an ancient bone altar of Kikubaaqudgha.
  7769 | D:8      | Found a staircase to the Lair.
  7917 | D:8      | Reached skill level 5 in Spellcasting
  7923 | D:8      | Reached skill level 1 in Evocations
  8055 | D:8      | Reached * piety under Dithmenos
  8655 | D:8      | Noticed Gastronok
  8737 | D:8      | Slain by Gastronok

Levels and vault maps discovered:
D:1:      lemuel_arrival_muddy, layout_loops_corners
D:2:      layout_loops_cross, grunt_ministairs_3
D:3:      layout_basic, uniq_terence
D:4:      layout_cave_pods, grunt_temple_overflow_open, first_ration,
          kennysheep_generic_room_4
D:5:      minmay_octagon_keep, layout_cave_pools,
          minmay_temple_entry_purple_smoke, gup_sewer_entry_bubbles, basic_altar
D:6:      layout_gridville, grunt_dithmenos_shadows
D:7:      layout_rooms, nicolae_gozag_cash_rules_everything_around_me,
          lemuel_doored_altar, basic_altar, minmay_misc_feat_ornament,
          lemuel_tele_altar, uniq_prince_ribbit1
D:8:      layout_loops_ring, marbit_many_paths, kennysheep_vampire_church,
          erik_lair_orcish_takeover, grunt_livestock, uniq_gastronok
Temple:   nicolae_temple_hex_pool

Skill      XL: |  1  2  3  4  5  6  7  8  9 |
---------------+----------------------------+-----
Fighting       | 1 2 3 4 |  4.9
Stealth        | 5 6 7 8 9 |  9.7
Hexes          | 5 6 8 9 |  9.1
Dodging        | 3 4 5 6 |  6.4
Short Blades   | 2 3 4 5 6 |  6.1
Spellcasting   | 3 4 5 |  5.4
Ice Magic      | 1 2 |  2.0
Evocations     | 2 |  2.0

Action                   |  1- 3 |  4- 6 |  7- 9 || total
-------------------------+-------+-------+-------++-------
Melee: Dagger            |    48 |    94 |   216 ||   358
       Bite              |       |    10 |    16 ||    26
 Cast: Ensorcelled Hiber |    22 |    28 |    59 ||   109
       Confuse           |       |    11 |    55 ||    66
       Tukima's Dance    |       |       |     2 ||     2
 Abil: Exsanguinate      |     1 |       |       ||     1
  Use: Scroll            |       |     7 |     4 ||    11
 Stab: Sleeping          |    33 |    25 |    69 ||   127
       Confused          |       |     5 |    31 ||    36
       Distracted        |       |       |     1 ||     1
Armor: Robe              |     7 |    13 |    25 ||    45
Dodge: Dodged            |    10 |    57 |   132 ||   199

Table legend:
 A = Non-vault XP
 B = Vault XP
 C = Vault XP percentage of total XP
 D = Non-vault monster count
 E = Vault monster count
 F = Vault count percentage of total count
                 A         B        C        D         E       F
            +---------+---------+-------+---------+---------+-------
      Total |    3565 |    1492 |  29.5 |     128 |      58 |  31.2
            +---------+---------+-------+---------+---------+-------
        D:1 |      44 |       0 |   0.0 |      25 |       0 |   0.0
        D:2 |      38 |       5 |  11.6 |       8 |       2 |  20.0
        D:3 |      81 |      36 |  30.8 |      16 |       1 |   5.9
        D:4 |     426 |      14 |   3.2 |      19 |       1 |   5.0
        D:5 |     141 |     191 |  57.5 |       8 |      13 |  61.9
        D:6 |    1072 |     124 |  10.4 |      23 |       1 |   4.2
        D:7 |     483 |     286 |  37.2 |       9 |       1 |  10.0
        D:8 |    1280 |     617 |  32.5 |      20 |      15 |  42.9
      Sewer |       0 |     219 | 100.0 |       0 |      24 | 100.0
            +---------+---------+-------+---------+---------+-------
